[Event "ICCopen2016"]
[Site "Internet Chess Club"]
[Date "2016.06.04"]
[Round "10"]
[White "Astigmatist"]
[Black "kvicc"]
[Result "0-1"]
[ICCResult "White resigns"]
[WhiteElo "2016"]
[BlackElo "2178"]
[Opening "Sicilian: Nimzovich-Rossolimo attack (with ...g6, without ...d6)"]
[ECO "B31"]
[NIC "SI.31"]
[Time "15:45:47"]
[TimeControl "180+0"]

1. e4 c5 2. Nf3 Nc6 3. Bb5 g6 4. O-O Bg7 5. c3 Nf6 6. Re1 O-O 7. d4 cxd4 8.
cxd4 d5 9. e5 Ne4 10. Nbd2 Nxd2 11. Bxd2 Qb6 12. Bxc6 bxc6 13. b3 Ba6 14.
Rc1 Rac8 15. Be3 Qa5 16. Qd2 Qb6 17. Bh6 e6 18. h4 Qb5 19. Bxg7 Kxg7 20. h5
Qb6 21. Qf4 Qd8 22. Re3 h6 23. Qg4 g5 24. Nh2 Qe7 25. f4 c5 26. Nf3 cxd4 27.
Rxc8 Rxc8 28. Nxd4 Qc5 29. f5 Qc1+ 30. Kf2 Qd2+ 31. Kf3 Qd1+ 32. Kg3 Qd2 33.
Rf3 Qe1+ 34. Kh2 Qxe5+ 35. Kh3 Rc1 36. g3 Rh1+ 37. Kg2 Rd1 38. fxe6 Bf1+ 39.
Rxf1 Rxd4 40. Rxf7+ Kg8 41. Qf3 Rd2+ 42. Kh3 Qxe6+ 43. g4 Qxf7 {White
resigns} 0-1

[Event "ICCopen2016"]
[Site "Internet Chess Club"]
[Date "2016.06.04"]
[Round "10"]
[White "GreyWarden"]
[Black "akibael"]
[Result "0-1"]
[ICCResult "White checkmated"]
[WhiteElo "2044"]
[BlackElo "2239"]
[Opening "Sicilian: Labourdonnais-Löwenthal variation"]
[ECO "B32"]
[NIC "SI.32"]
[Time "15:46:20"]
[TimeControl "180+0"]

1. e4 c5 2. Nf3 Nc6 3. d4 cxd4 4. Nxd4 e5 5. Nb5 a6 6. Nd6+ Bxd6 7. Qxd6 Qe7
8. Qxe7+ Ngxe7 9. Nc3 Nb4 10. Bd3 d5 11. exd5 Bf5 12. Bxf5 Nxf5 13. Kd1
O-O-O 14. Bg5 f6 15. Bd2 Nxd5 16. Nxd5 Rxd5 17. Ke1 Rhd8 18. Bc3 Nd4 19.
Bxd4 Rxd4 20. Rc1 Re4+ 21. Kf1 Rd2 22. h4 Ree2 23. Rh2 Rxf2+ 24. Kg1 Rxc2
25. Rxc2+ Rxc2 26. Rh3 Rxb2 27. Rg3 g6 28. h5 g5 29. Rf3 Rb6 30. Rd3 Kc7 31.
g4 Rd6 32. Rc3+ Rc6 33. Rf3 Kd7 34. Kg2 Ke6 35. Kg3 e4 36. Rb3 b5 37. Kf2
Rc2+ 38. Ke3 Rxa2 39. Kxe4 Ra4+ 40. Kf3 f5 41. Re3+ Kf6 42. gxf5 Kxf5 43.
Re8 Ra3+ 44. Kg2 b4 45. Rb8 a5 46. Rb7 b3 47. Rxh7 Kg4 48. Kf2 a4 49. h6
Ra2+ 50. Ke3 Rh2 51. Kd3 b2 52. Rb7 a3 53. h7 Rxh7 54. Rb4+ Kg3 55. Kc2 Rc7+
56. Kb1 Rc1+ 57. Ka2 Ra1+ 58. Kb3 b1=Q+ 59. Ka4 Qc2+ 60. Rb3+ Kf4 61. Kb4
Rb1 62. Rxb1 Qxb1+ 63. Kxa3 Ke4 64. Ka4 Kd4 65. Ka5 Kc5 66. Ka4 Qb4#
{White checkmated}
0-1

[Event "ICCopen2016"]
[Site "Internet Chess Club"]
[Date "2016.06.04"]
[Round "10"]
[White "DARKwizard1"]
[Black "PazificDreams"]
[Result "0-1"]
[ICCResult "White resigns"]
[WhiteElo "2325"]
[BlackElo "2688"]
[Opening "King's Indian defense, 3.Nc3"]
[ECO "E61"]
[NIC "KI.80"]
[Time "15:46:06"]
[TimeControl "180+0"]

1. d4 Nf6 2. c4 g6 3. Nc3 Bg7 4. e3 d6 5. Bd3 O-O 6. Nge2 e5 7. O-O Re8 8.
h3 Nc6 9. d5 Ne7 10. e4 a5 11. a3 Kh8 12. Rb1 Neg8 13. f4 exf4 14. Bxf4 Nd7
15. Bc2 Ne5 16. Bxe5 Bxe5 17. Rxf7 Nf6 18. Nb5 Bd7 19. Qd2 Kg8 20. Rxd7 Qxd7
21. Nbd4 Bxd4+ 22. Qxd4 Qe7 23. Nf4 Qe5 24. Qxe5 Rxe5 25. Ne6 c6 26. Re1 a4
27. Nd4 cxd5 28. cxd5 Ra5 29. Nf3 Re7 30. Bd3 Rc5 31. Kf2 Nd7 32. Ke3 Ne5
33. Nxe5 Rxe5 34. Kd4 Kg7 35. Rf1 Re7 36. Re1 Rcc7 37. Re2 Rc1 38. e5 dxe5+
39. Rxe5 Rxe5 40. Kxe5 Kf8 41. d6 Re1+ 42. Kd4 Rd1 43. Ke4 Ke8 44. Bb5+ Kd8
45. d7 Rd2 46. Bxa4 Rxg2 47. Ke5 Rxb2 48. Kf6 Ra2 49. Kg7 Rxa3 50. h4 Rxa4
{White resigns}
0-1

[Event "ICCopen2016"]
[Site "Internet Chess Club"]
[Date "2016.06.04"]
[Round "10"]
[White "zealous"]
[Black "Dan83"]
[Result "0-1"]
[ICCResult "White forfeits on time"]
[WhiteElo "1785"]
[BlackElo "1990"]
[Opening "King's Indian: London system"]
[ECO "A48"]
[NIC "QP.03"]
[Time "15:45:50"]
[TimeControl "180+0"]

1. d4 Nf6 2. Nf3 g6 3. Bf4 Bg7 4. e3 O-O 5. c4 d6 6. h3 Nfd7 7. Nc3 e5 8.
Bh2 f5 9. Be2 Nc6 10. O-O e4 11. Nd2 Nf6 12. Qc2 Qe7 13. Rab1 g5 14. b4 h5
15. b5 Nd8 16. Nb3 h4 17. c5 g4 18. cxd6 cxd6 19. Bc4+ Kh8 20. Nd5 Nxd5 21.
Bxd5 gxh3 22. gxh3 f4 23. Qxe4 Qg5+ 24. Kh1 Bf5 25. Qg2 Qxg2+ 26. Kxg2 Bxb1
27. Rxb1 Rc8 28. Bxf4 Rc2 29. a4 b6 30. a5 Rf6 31. axb6 axb6 32. Be4 Ra2 33.
Kf3 Ne6 34. d5 Ng5+ 35. Kg4 Nxe4 36. Kxh4 Rg6 37. Nd4 Bf6+
{White forfeits on time}
0-1

[Event "ICCopen2016"]
[Site "Internet Chess Club"]
[Date "2016.06.04"]
[Round "10"]
[White "motipen"]
[Black "searchforbobby1"]
[Result "0-1"]
[ICCResult "White resigns"]
[WhiteElo "1882"]
[BlackElo "2118"]
[Opening "Dutch defense"]
[ECO "A40"]
[NIC "QO.17"]
[Time "15:46:04"]
[TimeControl "180+0"]

1. d4 e6 2. c4 f5 3. Nf3 d5 4. g3 c6 5. Bg2 Bd6 6. O-O Nf6 7. b3 Qe7 8. Bb2
O-O 9. Qc1 b6 10. Ba3 Bb7 11. Bxd6 Qxd6 12. Nbd2 Nbd7 13. Qb2 Rac8 14. Ne5
Qe7 15. Ndf3 Nxe5 16. Nxe5 Nd7 17. Nxd7 Qxd7 18. Rfd1 f4 19. e4 f3 20. Bf1
dxe4 21. d5 exd5 22. cxd5 cxd5 23. Qe5 Rfe8 24. Qf4 Qf7 25. Qd6 Qe6 26. Qf4
Qe5 27. Qe3 Rc3 28. Qd2 Rec8 29. Bh3 R8c7 30. Rab1 Rd3 31. Qb4 Rxd1+ 32.
Rxd1 Qe7 33. Qa4 a5 34. Qb5 e3 35. Qxb6 e2 36. Re1 d4 37. Qxd4 Qb4 38. Qxb4
axb4 39. Bg4 Rc2 {White resigns} 0-1

[Event "ICCopen2016"]
[Site "Internet Chess Club"]
[Date "2016.06.04"]
[Round "10"]
[White "tophop"]
[Black "onti"]
[Result "1-0"]
[ICCResult "Black forfeits on time"]
[WhiteElo "1636"]
[BlackElo "1349"]
[Opening "Queen's pawn"]
[ECO "A40"]
[NIC "QO.17"]
[Time "15:45:27"]
[TimeControl "180+0"]

1. d4 e6 2. c4 c5 3. d5 exd5 4. cxd5 d6 5. e4 Qh4 6. Nc3 Nf6 7. Nf3 Qg4 8.
h3 Qh5 9. Be2 Bg4 10. Rh2 Bxf3 11. Bxf3 Qe5 12. Rh1 Be7 13. g3 Nbd7 14. Bf4
Qd4 15. Qxd4 cxd4 16. Nb5 Kd8 17. Nxd6 Bxd6 18. Bxd6 Ne8 19. Bf4 Nef6 20. e5
Ne8 21. d6 Nc5 22. Kd2 Kd7 23. Rhc1 f6 24. Rxc5 fxe5 25. Bxe5 Nf6 26. Bxb7
Rab8 27. Rc7+ Ke6 28. Re7+ Kf5 29. g4+ Kg6 30. f4 Rhe8 31. Bxf6 gxf6 32.
Be4+ f5 33. Bxf5+ Kf6 34. Rxe8 Rxe8 35. Re1 Rb8 36. d7 Rxb2+ 37. Kd3 Rb8 38.
Re4 Rd8 39. Re8 Rxe8 40. dxe8=B h5 41. g5+ Ke7 42. g6 Kxe8 43. g7
{Black forfeits on time}
1-0

[Event "ICCopen2016"]
[Site "Internet Chess Club"]
[Date "2016.06.04"]
[Round "10"]
[White "Smokie"]
[Black "Deverill"]
[Result "1-0"]
[ICCResult "Black forfeits on time"]
[WhiteElo "1388"]
[BlackElo "1256"]
[Opening "Benoni: 6.e4"]
[ECO "A65"]
[NIC "QP.07"]
[Time "15:45:25"]
[TimeControl "180+0"]

1. d4 Nf6 2. c4 e6 3. Nc3 c5 4. d5 exd5 5. cxd5 d6 6. e4 g6 7. b3 Bg7 8. Rb1
Qa5 9. Bd2 O-O 10. Nb5 Qb6 11. Bd3 a6 12. Nc3 Qc7 13. Nf3 b5 14. Qe2 Bg4 15.
h3 Bxf3 16. gxf3 Nbd7 17. f4 Nh5 18. f5 gxf5 19. Qxh5 Nf6 20. Qxf5 Rae8 21.
f4 c4 22. bxc4 bxc4 23. Bc2 Kh8 24. Kd1 Qc5 25. e5 dxe5 26. fxe5 Rxe5 27.
Qxe5 Re8 28. Qf5 Qd4 29. Ne4 Nxe4 30. Bxe4 Qxe4 31. Qxe4 Rxe4 32. Re1 Rxe1+
33. Kxe1 c3 34. Rb8+ Bf8 35. Bxc3+ Kg8 36. Bb4 Kg7 37. Bxf8+ Kf6 38. Bb4 Ke5
39. d6 Ke6 40. Ba3 Kd7 41. Rb7+ {Black forfeits on time} 1-0

[Event "ICCopen2016"]
[Site "Internet Chess Club"]
[Date "2016.06.04"]
[Round "10"]
[White "JUGGERNOT"]
[Black "mirpele-murpele"]
[Result "0-1"]
[ICCResult "White forfeits on time"]
[WhiteElo "1791"]
[BlackElo "2661"]
[Opening "Bird's opening"]
[ECO "A02"]
[NIC "VO.07"]
[Time "15:46:02"]
[TimeControl "180+0"]

1. f4 g6 2. e4 Bg7 3. Nf3 d5 4. e5 c5 5. d3 d4 6. Be2 Nc6 7. O-O Nh6 8. h3
f6 9. exf6 exf6 10. c3 O-O 11. cxd4 cxd4 12. Nbd2 Nf5 13. Ne4 Re8 14. g4 Ne3
15. Bxe3 dxe3 16. Qc1 Nd4 17. Qc4+ Ne6 18. f5 b5 19. Qb3 a6 20. fxe6 Bxe6
21. Qd1 f5 22. Nc5 Bd5 23. gxf5 gxf5 24. Qe1 f4 25. Qh4 Qxh4 26. Nxh4 Bxb2
27. Rab1 Bd4 28. Nb3 Bb6 29. Nf3 Rac8 30. Rbc1 Kf7 31. Kh2 Rg8 32. Rxc8 Rxc8
33. Ng5+ Kg6 34. h4 Rc2 35. Re1 f3 36. Nc1 Ba5 37. Rg1 Kf5 38. Nxf3 Bxf3 39.
Rf1 Rxe2+ 40. Nxe2 Kg4 41. Nd4 e2 42. Rg1+ Kf4 43. Nxf3 Kxf3 44. Rg3+ Kf4
45. Rg1 Kf3 46. Rg3+ Kf4 47. Rg1 e1=Q 48. Rxe1 Bxe1 49. Kg2 Bxh4 50. Kf1 Ke3
51. Kg2 Kxd3 52. Kh3 Bf6 53. Kg4 Kc2 54. Kf5 Be7 55. Ke6 Bc5 56. Kd5 Bf2 57.
Kc6 b4 58. Kb7 a5 59. Ka6 a4 60. Ka5 b3 61. Kb4 bxa2 62. Kc4 a1=Q 63. Kd5 a3
64. Ke4 a2 65. Kf3 Qd4 {White forfeits on time} 0-1

[Event "ICCopen2016"]
[Site "Internet Chess Club"]
[Date "2016.06.04"]
[Round "10"]
[White "jbrongkos"]
[Black "Tova77"]
[Result "1-0"]
[ICCResult "Black forfeits on time"]
[WhiteElo "1812"]
[BlackElo "1642"]
[Opening "English: Anglo-Grünfeld, Smyslov defense"]
[ECO "A16"]
[NIC "EO.53"]
[Time "15:45:51"]
[TimeControl "180+0"]

1. c4 Nf6 2. Nc3 d5 3. cxd5 Nxd5 4. g3 g6 5. Bg2 Nxc3 6. bxc3 Bg7 7. Nf3 O-O
8. O-O c5 9. Rb1 Nc6 10. Qc2 Rb8 11. d3 Be6 12. Be3 b6 13. Ng5 Bd5 14. Nf3
Ne5 15. Nxe5 Bxg2 16. Kxg2 Bxe5 17. f4 Qd5+ 18. Kg1 Bg7 19. Bf2 e5 20. e4
Qd6 21. Be3 Rbd8 22. Rbd1 exf4 23. gxf4 Qe6 24. f5 Qe5 25. d4 cxd4 26. cxd4
Qd6 27. e5 Qd5 28. f6 Rc8 29. Qg2 Qxg2+ 30. Kxg2 Bh8 31. Rf2 Rfd8 32. d5 Kf8
33. d6 Ke8 34. Rdd2 Kd7 35. Rc2 h5 36. Kf3 Re8 37. Bf4 Rxc2 38. Rxc2 Rc8 39.
Rxc8 Kxc8 40. Bg5 Kd7 41. Ke4 {Black forfeits on time} 1-0

[Event "ICCopen2016"]
[Site "Internet Chess Club"]
[Date "2016.06.04"]
[Round "10"]
[White "Saniser"]
[Black "Biscuetz"]
[Result "1-0"]
[ICCResult "Black forfeits on time"]
[WhiteElo "1721"]
[BlackElo "1595"]
[Opening "French: Fort Knox variation"]
[ECO "C10"]
[NIC "FR.07"]
[Time "15:45:31"]
[TimeControl "180+0"]

1. e4 e6 2. d4 d5 3. Nc3 dxe4 4. Nxe4 Bd7 5. Nf3 Bc6 6. Bd3 Nd7 7. O-O Ngf6
8. Re1 Be7 9. b3 O-O 10. Bb2 Nxe4 11. Bxe4 Bxe4 12. Rxe4 Nf6 13. Re1 c5 14.
dxc5 Bxc5 15. Qe2 Be7 16. Rad1 Qc7 17. c4 Rad8 18. h3 Rxd1 19. Rxd1 Rd8 20.
Rxd8+ Qxd8 21. Qd2 Qxd2 22. Nxd2 Kf8 23. Bxf6 Bxf6 24. Ne4 Be7 25. Kf1 f5
26. Nc3 a6 27. Ke2 Ke8 28. Kd3 Kd7 29. Ne2 Kd6 30. Nd4 Bf6 31. f4 g6 32. g4
e5 33. fxe5+ Bxe5 34. gxf5 Bxd4 35. fxg6 Bh8 36. gxh7 Kc5 37. Ke4 Kb4 38.
Kd5 Ka3 39. Kc5 Kxa2 40. Kb6 Kxb3 41. Kxb7 a5 42. c5 a4 43. c6 a3 44. c7 a2
45. c8=Q a1=Q 46. Qg8+ Ka4 47. Qa8+ Kb3 48. Qg8+ Kc2 49. Qg6+ Kd1 50. h4
Qb2+ 51. Kc7 Qc3+ 52. Kd7 Qd4+ 53. Ke7 Qe5+ 54. Kf7 Qc7+ 55. Kg8 Qe5 56. h5
Bf6 57. Qf7 Bh8 58. Qf1+ Kd2 59. Kf7 Qc7+ 60. Kg6 Qg7+ 61. Kf5 Qxh7+ 62. Kg4
Qg7+ 63. Kh3 Qd7+ 64. Kg2 Qd5+ 65. Kg3 Be5+ 66. Kg4 Qe4+ 67. Kg5 Qh7 68.
Qf2+ Kd1 69. Qf1+ Kd2 70. Qg2+ Kd1 71. Qd5+ Ke1 72. Qxe5+ Kf1 73. Qf5+
{Black forfeits on time}
1-0

[Event "ICCopen2016"]
[Site "Internet Chess Club"]
[Date "2016.06.04"]
[Round "10"]
[White "Soydemadera"]
[Black "DrOussedik"]
[Result "1-0"]
[ICCResult "Black resigns"]
[WhiteElo "2446"]
[BlackElo "2181"]
[Opening "French: Wing gambit"]
[ECO "C00"]
[NIC "FR.01"]
[Time "15:46:27"]
[TimeControl "180+0"]

1. e4 e6 2. Nf3 d5 3. e5 c5 4. b4 cxb4 5. a3 d4 6. axb4 Bxb4 7. Bd3 Nc6 8.
O-O Nge7 9. Ba3 Ng6 10. Be4 Bxa3 11. Nxa3 Ncxe5 12. Nxe5 Nxe5 13. Qh5 Ng6
14. Qb5+ Qd7 15. Qxd7+ Kxd7 16. Nc4 Kc7 17. Rfb1 a6 18. Nb6 Rb8 19. Ra4 Rd8
20. Rc4+ Kd6 21. c3 dxc3 22. dxc3 Ne5 23. Rd1+ Ke7 24. Rc7+ Bd7 25. f4 f5
26. fxe5 fxe4 27. Rdxd7+ Rxd7 28. Rxd7+ Ke8 29. Rxg7 Kf8 30. Rxh7 Kg8 31.
Rc7 a5 32. Kf2 Rd8 33. Ke3 Rd3+ 34. Kxe4 Rd2 35. Kf3 Rb2 36. Nc4 a4
{Black resigns}
1-0

[Event "ICCopen2016"]
[Site "Internet Chess Club"]
[Date "2016.06.04"]
[Round "10"]
[White "Peretyatko"]
[Black "TasteOflover"]
[Result "0-1"]
[ICCResult "White checkmated"]
[WhiteElo "2766"]
[BlackElo "2900"]
[Opening "English: closed system"]
[ECO "A26"]
[NIC "VO.13"]
[Time "15:46:12"]
[TimeControl "180+0"]

1. d3 g6 2. g3 Bg7 3. Bg2 e5 4. c4 Nc6 5. Nc3 d6 6. e3 Nge7 7. Nge2 O-O 8.
O-O Be6 9. Nd5 Qd7 10. Nec3 Bh3 11. Bxh3 Qxh3 12. Nxc7 Rac8 13. N7d5 Nf5 14.
Qf3 e4 15. Qxe4 Ne5 16. Qg2 Qh5 17. f3 Nxd3 18. g4 Qh4 19. gxf5 Rxc4 20. e4
Nxc1 21. Raxc1 gxf5 22. Kh1 Kh8 23. Qg3 Qh6 24. Rg1 Bd4 25. Qg5 Qxg5 26.
Rxg5 fxe4 27. fxe4 b5 28. a3 a5 29. Ne2 Rxc1+ 30. Nxc1 Bxb2 31. Nb3 a4 32.
Nd2 Rc8 33. Rg1 Bxa3 34. Nf3 Bc5 35. Rb1 b4 36. Ne1 b3 37. Nd3 Bd4 38. Kg2
Rc2+ 39. Kf3 Rxh2 40. N3f4 b2 41. Nb4 a3 42. Na2 Rf2+ 43. Kg4 Be5 44. Nd5
Kg7 45. Kh3 h5 46. Nac3 Rh2# {White checkmated} 0-1

[Event "ICCopen2016"]
[Site "Internet Chess Club"]
[Date "2016.06.04"]
[Round "10"]
[White "aplusk"]
[Black "gsvc"]
[Result "0-1"]
[ICCResult "White checkmated"]
[WhiteElo "2913"]
[BlackElo "2900"]
[Opening "Sicilian: Najdorf, Lipnitzky attack"]
[ECO "B86"]
[NIC "SI.13"]
[Time "15:45:20"]
[TimeControl "180+0"]

1. e4 c5 2. Nf3 d6 3. d4 cxd4 4. Nxd4 Nf6 5. Nc3 a6 6. Bc4 e6 7. Bb3 Nbd7 8.
Bg5 Qa5 9. Qd2 Nc5 10. Bxf6 gxf6 11. O-O Bd7 12. f4 h5 13. Kh1 O-O-O 14. a3
Qb6 15. Bc4 Kb8 16. b4 Na4 17. Nxa4 Bxa4 18. Bb3 Bxb3 19. Nxb3 d5 20. exd5
Rxd5 21. Qe2 f5 22. c4 Rd8 23. c5 Qc7 24. Rac1 h4 25. c6 h3 26. g3 Be7 27.
Na5 b5 28. a4 Bxb4 29. Nb3 Rd5 30. axb5 axb5 31. Rc2 Rhd8 32. Rfc1 R8d6 33.
Qf1 Ba3 34. Ra1 Rxc6 35. Re2 b4 36. Qxh3 Rc3 37. Rb1 Rxb3 38. Rxb3 Qc6 39.
Kg1 Rd1+ 40. Kf2 Qc5+ 41. Rbe3 Bc1 42. Qh8+ Kb7 43. Qf6 Bxe3+ 44. Kg2 Qc6+
45. Kh3 Bc5 46. Qxf7+ Rd7 47. Qg8 Re7 48. Qh8 Qd7 49. Rc2 Rh7+ 50. Qxh7
Qxh7+ 51. Kg2 Qe7 52. Re2 Qd6 53. Kh3 Qd5 54. Kh4 b3 55. Kh5 Bd4 56. Kg6 b2
57. Re1 Qe4 58. Rd1 b1=Q 59. Rxb1+ Qxb1 60. h4 Qe4 61. h5 e5 62. h6 exf4 63.
gxf4 Qxf4 64. h7 Qg4+ 65. Kf7 Qh5+ 66. Kg8 Qg6+ 67. Kf8 Bc5# {White
checkmated} 0-1

[Event "ICCopen2016"]
[Site "Internet Chess Club"]
[Date "2016.06.04"]
[Round "10"]
[White "KAPAMA3OB"]
[Black "Darnoc"]
[Result "0-1"]
[ICCResult "White resigns"]
[WhiteElo "2761"]
[BlackElo "2909"]
[Opening "QGD Slav: 4.e3"]
[ECO "D11"]
[NIC "QP.08"]
[Time "15:46:16"]
[TimeControl "180+0"]

1. d4 d5 2. Nf3 Nf6 3. c4 c6 4. e3 Bg4 5. h3 Bxf3 6. Qxf3 e6 7. Nc3 Nbd7 8.
Bd3 Bb4 9. O-O O-O 10. Qd1 Qc7 11. Ne2 dxc4 12. Bxc4 c5 13. Bd3 Rfd8 14. a3
Ba5 15. Qc2 Rac8 16. Rd1 c4 17. Be4 Nxe4 18. Qxe4 Nf6 19. Qc2 b5 20. e4 h6
21. Bf4 Qb7 22. Ng3 Bb6 23. Be3 a5 24. Rac1 Bc7 25. e5 Nd5 26. Ne4 Qc6 27.
Rf1 a4 28. Rcd1 b4 29. Bc1 b3 30. Qe2 c3 31. Rd3 cxb2 32. Bxb2 Nf4 33. Qf3
Nxd3 34. Nf6+ gxf6 35. Qxc6 Nxb2 36. Qf3 fxe5 37. Qf6 exd4 38. f4 d3 39. f5
Bb6+ 40. Kh1 Bd4 41. Qxh6 Bg7 42. Qg5 exf5 43. Qxf5 Rc7 44. Qg5 Rcd7 45. h4
d2 46. h5 d1=Q 47. Rxd1 Rxd1+ 48. Kh2 R1d6 {White resigns} 0-1

[Event "ICCopen2016"]
[Site "Internet Chess Club"]
[Date "2016.06.04"]
[Round "10"]
[White "RJoseph12"]
[Black "toktok"]
[Result "1-0"]
[ICCResult "Black checkmated"]
[WhiteElo "1365"]
[BlackElo "1633"]
[Opening "Sicilian: Alapin's variation (2.c3)"]
[ECO "B22"]
[NIC "SI.47"]
[Time "15:46:29"]
[TimeControl "180+0"]

1. e4 c5 2. c3 Nf6 3. e5 Nd5 4. d4 cxd4 5. cxd4 e6 6. Nf3 Nc6 7. Nc3 d6 8.
exd6 Bxd6 9. Bb5 Bd7 10. O-O O-O 11. h3 a6 12. Ba4 b5 13. Bb3 Nce7 14. Nxd5
Nxd5 15. Bxd5 exd5 16. Re1 h6 17. Ne5 Be6 18. Bf4 Rc8 19. Rc1 Qb6 20. Qd2
Rxc1 21. Rxc1 Rc8 22. Rxc8+ Bxc8 23. Qd1 Qc7 24. Qh5 Be6 25. Qh4 Bf5 26. Qg3
Qc2 27. Bxh6 Bxe5 28. dxe5 Qd1+ 29. Kh2 Bg6 30. Bf4 d4 31. Qf3 d3 32. Qxd1
Kh7 33. Qd2 Bf5 34. Be3 Bg6 35. g4 Be4 36. f4 f5 37. gxf5 Bxf5 38. e6 Bxe6
39. Qxd3+ Kh6 40. Qe4 Kh5 41. Qxe6 g5 42. fxg5 b4 43. Qh6# {Black
checkmated} 1-0

[Event "ICCopen2016"]
[Site "Internet Chess Club"]
[Date "2016.06.04"]
[Round "10"]
[White "klodshans"]
[Black "RobbieWilliams"]
[Result "0-1"]
[ICCResult "White resigns"]
[WhiteElo "1622"]
[BlackElo "1799"]
[Opening "Queen's pawn, Mason variation"]
[ECO "D00"]
[NIC "QP.08"]
[Time "15:46:29"]
[TimeControl "180+0"]

1. d4 d5 2. Bf4 e6 3. Nf3 f5 4. e3 c6 5. Nbd2 Nf6 6. Be2 Bd6 7. Ne5 Qe7 8.
Bh5+ g6 9. Be2 Nbd7 10. Ndf3 O-O 11. c3 Ne4 12. Qc2 Kg7 13. g4 Nxe5 14. Nxe5
a6 15. f3 Nf6 16. gxf5 exf5 17. O-O-O Bd7 18. h4 h5 19. Rdg1 Be8 20. Bd3 Kh7
21. Bg5 Qe6 22. Bxf6 Rxf6 23. f4 c5 24. Rg5 cxd4 25. exd4 Rc8 26. Rhg1 Bxe5
27. fxe5 Rf8 28. Bxf5 Rxf5 29. Rxf5 Qxf5 30. Qb3 Qd7 31. Qc2 b5 32. Qf2 Qe7
33. Kb1 Rc6 34. Qf4 a5 35. a3 b4 36. axb4 axb4 37. Rf1 bxc3 38. Qf8 Qxf8 39.
Rxf8 Re6 40. bxc3 Kg7 41. Rf3 g5 42. hxg5 Bg6+ 43. Kb2 Be4 44. Rf6 Rxf6 45.
gxf6+ Kf7 46. Kc1 h4 47. Kd2 h3 48. Ke3 h2 49. Kf2 h1=Q {White resigns} 0-1

[Event "ICCopen2016"]
[Site "Internet Chess Club"]
[Date "2016.06.04"]
[Round "10"]
[White "WhiteMoon"]
[Black "jjn"]
[Result "1-0"]
[ICCResult "Black forfeits on time"]
[WhiteElo "2097"]
[BlackElo "1827"]
[Opening "QGD Slav: 4.Nc3"]
[ECO "D15"]
[NIC "SL.03"]
[Time "15:45:34"]
[TimeControl "180+0"]

1. d4 Nf6 2. Nf3 d5 3. c4 c6 4. Nc3 Bg4 5. Bg5 Nbd7 6. e3 e6 7. h3 Bh5 8.
Be2 Be7 9. O-O O-O 10. Qb3 b6 11. cxd5 cxd5 12. Rac1 Rc8 13. Qa4 a5 14. Bf4
Bb4 15. Nb5 Ne4 16. a3 Be7 17. Bc7 Qe8 18. Rc2 Ndf6 19. Rfc1 Bxf3 20. Bxf3
Qd7 21. Be2 Bd8 22. Be5 Rxc2 23. Qxc2 Qb7 24. Qc6 Qxc6 25. Rxc6 Nd7 26. f3
Nxe5 27. dxe5 Ng3 28. Bd3 h5 29. Nd6 h4 30. Kf2 g6 31. e4 Kg7 32. exd5 exd5
33. f4 Nh5 34. Kf3 Ng3 35. f5 Nxf5 36. Bxf5 gxf5 37. Nxf5+ Kh7 38. Rh6+ Kg8
39. Rc6 f6 40. e6 Re8 41. Kg4 Kf8 42. Kh5 Be7 43. Kg6 Rd8 44. Rc7 Re8 45.
Nxe7 Rd8 46. Rc8 {Black forfeits on time} 1-0

[Event "ICCopen2016"]
[Site "Internet Chess Club"]
[Date "2016.06.04"]
[Round "10"]
[White "eltigrecu"]
[Black "totus"]
[Result "1-0"]
[ICCResult "Black forfeits on time"]
[WhiteElo "2115"]
[BlackElo "2348"]
[Opening "Queen's Pawn"]
[ECO "A41"]
[NIC "QO.17"]
[Time "15:45:12"]
[TimeControl "180+0"]

1. d4 d6 2. Bg5 c6 3. c3 Nd7 4. Nd2 Ngf6 5. Ngf3 e5 6. e3 Be7 7. Bd3 O-O 8.
Qc2 h6 9. Bh4 Nh5 10. Bxe7 Qxe7 11. O-O-O Nhf6 12. Bf5 Re8 13. dxe5 Nxe5 14.
Nxe5 dxe5 15. Bxc8 Raxc8 16. Ne4 Nxe4 17. Qxe4 Qe6 18. Kb1 Rcd8 19. h3 f5
20. Qb4 Qf7 21. Qc5 Rd5 22. Qxa7 Red8 23. Rxd5 Rxd5 24. Qa4 Kh7 25. Rd1 Qg6
26. Rxd5 cxd5 27. g3 f4+ 28. Kc1 fxg3 29. fxg3 Qxg3 30. Qd7 Qxe3+ 31. Kc2
Qe4+ 32. Kc1 d4 33. cxd4 exd4 34. Kd2 Qe3+ 35. Kd1 Kg6 36. Qd6+ Kg5 37. Qd8+
Kf4 38. Qh4+ Ke5 39. Qe7+ Kf4 40. Qxg7 Qd3+ 41. Kc1 Qf1+ 42. Kc2 Qe2+ 43.
Kc1 d3 44. Qxh6+ Kg3 45. Qd2 Qf1+ 46. Qd1 Qf4+ 47. Qd2 Qf1+ 48. Qd1 Qf4+ 49.
Qd2 Qf1+ 50. Qd1 Qf4+ 51. Kb1 Qe3 52. a3 Kxh3 53. Qh1+ Kg3 54. Qxb7 d2 55.
Qg7+ Kf2 56. Qf6+ Ke1 57. Qh4+ Qf2 58. Qe4+ Kf1 59. Qd3+ Qe2 60. Qh3+ Kf2
61. Qh2+ Ke3 62. Qg3+ Ke4 63. Qh4+ Ke3 64. Qg5+ Ke4 65. Qe7+ Kf3 66. Qf6+
Kg2 67. Qg5+ Kf2 68. Qf4+ Ke1 69. Qxd2+ Kxd2 70. Ka2 {Black forfeits on
time} 1-0

[Event "ICCopen2016"]
[Site "Internet Chess Club"]
[Date "2016.06.04"]
[Round "10"]
[White "Pschaak"]
[Black "UltimateR3cruit"]
[Result "1-0"]
[ICCResult "Black forfeits on time"]
[WhiteElo "1728"]
[BlackElo "1467"]
[Opening "Trompowsky attack (Ruth, Opocenský opening)"]
[ECO "A45"]
[NIC "QP.07"]
[Time "15:45:38"]
[TimeControl "180+0"]

1. d4 Nf6 2. Bg5 d5 3. Bxf6 gxf6 4. e3 e5 5. c3 e4 6. g3 c5 7. Bg2 cxd4 8.
Qxd4 Nc6 9. Qd1 Be7 10. Ne2 h5 11. h4 Bg4 12. Bh3 Rg8 13. Bxg4 Rxg4 14. Nf4
Ne5 15. Nd2 Qd7 16. Qb3 Nf3+ 17. Nxf3 exf3 18. Qxd5 O-O-O 19. Qxd7+ Rxd7 20.
Rd1 Bd8 21. Rxd7 Kxd7 22. Kd2 f5 23. Nxh5 Ra4 24. a3 Ra6 25. Nf4 Rd6+ 26.
Kc2 Bf6 27. h5 Bh8 28. h6 b5 29. Rd1 a5 30. Rxd6+ Kxd6 31. b4 axb4 32. axb4
Ke5 33. Kd3 f6 34. Ng6+ Ke6 35. Nxh8 Ke7 36. h7 Kf8 37. Ng6+ Kg7 38. h8=Q+
Kxg6 39. Qg8+ Kh5 40. e4 fxe4+ 41. Ke3 f5 42. Kf4 {Black forfeits on time}
1-0

[Event "ICCopen2016"]
[Site "Internet Chess Club"]
[Date "2016.06.04"]
[Round "10"]
[White "AttackSparrow"]
[Black "Visam"]
[Result "1-0"]
[ICCResult "Black forfeits on time"]
[WhiteElo "2341"]
[BlackElo "2720"]
[Opening "Vienna gambit"]
[ECO "C29"]
[NIC "VG.03"]
[Time "15:45:31"]
[TimeControl "180+0"]

1. e4 e5 2. Nc3 Nf6 3. f4 d5 4. fxe5 Nxe4 5. Qe2 Nxc3 6. dxc3 Nc6 7. Nf3 Bg4
8. Be3 Be7 9. O-O-O O-O 10. Qf2 Bxf3 11. gxf3 Nxe5 12. Rg1 Bf6 13. Bh3 Re8
14. Kb1 c6 15. Bd4 Nc4 16. Bf5 g6 17. Bd3 Nd6 18. h4 Bxd4 19. Qxd4 Qe7 20.
h5 Qe5 21. Qg4 Re6 22. hxg6 fxg6 23. Qh4 Qf6 24. Qh3 Re7 25. Rh1 Kh8 26.
Rdg1 Rg8 27. Qh6 Qg7 28. Rxg6 Qxh6 29. Rgxh6 Rgg7 30. Rxd6 Re8 31. Rdh6 Ree7
32. b3 Rgf7 33. f4 Kg8 34. f5 Rc7 35. f6 Rcd7 36. Rg1+ Kh8 37. Bf5 Rd6 38.
Rgh1 Rdxf6 39. Rxh7+ Rxh7 40. Bxh7 Kg7 41. Bd3 b5 42. Rh7+ Kf8 43. Rxa7 Rh6
44. Ra8+ Ke7 45. Ra6 Kd6 46. Bxb5 Kc7 47. Rxc6+ Rxc6 48. Bxc6 Kxc6 49. Kc1
Kd6 50. Kd2 Ke5 51. Kd3 Ke6 52. c4 Ke5 53. cxd5 Kxd5 54. c4+ Kc5 55. Kc3 Kc6
56. b4 Kc7 57. a4 Kb7 58. b5 {Black forfeits on time} 1-0

[Event "ICCopen2016"]
[Site "Internet Chess Club"]
[Date "2016.06.04"]
[Round "10"]
[White "oculis"]
[Black "Freedoom"]
[Result "1-0"]
[ICCResult "Black forfeits on time"]
[WhiteElo "2399"]
[BlackElo "1913"]
[Opening "Sicilian: Labourdonnais-Löwenthal variation"]
[ECO "B32"]
[NIC "SI.32"]
[Time "15:45:57"]
[TimeControl "180+0"]

1. e4 c5 2. Nf3 Nc6 3. d4 cxd4 4. Nxd4 e5 5. Nxc6 bxc6 6. Qf3 Nf6 7. Bc4 d5
8. exd5 cxd5 9. Bb5+ Bd7 10. Bxd7+ Qxd7 11. O-O Be7 12. Rd1 O-O 13. Bg5 d4
14. Nd2 Qd5 15. Re1 Bd6 16. b3 Rfe8 17. Nc4 Qxf3 18. gxf3 Bc7 19. Bxf6 gxf6
20. Kf1 f5 21. Rad1 Rad8 22. Ke2 e4 23. fxe4 fxe4 24. Rg1+ Kf8 25. Rg4 Rd5
26. Rdg1 h5 27. Rg5 d3+ 28. Kd1 dxc2+ 29. Kxc2 Rd3 30. Rxh5 Rf3 31. Rg2 Ke7
32. Rc5 Bd6 33. Rc6 Bf4 34. Ra6 Rh3 35. Rxa7+ Kf6 36. Ra6+ Re6 37. Rxe6+
Kxe6 38. a4 f5 39. a5 Bxh2 40. Rg6+ Kd5 41. a6 Rh8 42. a7 Be5 43. Rg7 f4 44.
Rd7+ Kc6 45. Rf7 Bd4 46. Rxf4 Bxa7 47. Rxe4 Rh2 48. Re6+ Kd5 49. Rd6+
{Black forfeits on time}
1-0